 Dungeon Sprint DCSS version 0.21.1-1-g345015f (webtiles) character file.

88 Mgcat the Geomancer (level 4, -2/24 HPs)
             Began as a Gargoyle Earth Elementalist on Feb 8, 2018.
             Was an Initiate of Vehumet.
             Slain by a troll (7 damage)
             ... in the Dungeon (Sprint V: "Ziggurat Sprint").
             The game lasted 00:03:29 (133 turns).

Mgcat the Geomancer (Gargoyle Earth Elementalist)    Turns: 133, Time: 00:03:30

Health: -2/24      AC:  5    Str: 12    XL:     4   Next: 53%
Magic:  7/16       EV: 14    Int: 33    God:    Vehumet [......]
Gold:   0          SH:  0    Dex: 11    Spells: 10/11 levels left

rFire    . . .     SeeInvis .   a - +6 Majin-Bo {vamp, Archmagi MP+6 Int+6}
rCold    . . .     Gourm    .   (shield currently unavailable)
rNeg     + . .     Faith    .   c - +0 robe
rPois    ∞         Spirit   .   (no helmet)
rElec    +         Reflect  .   (no cloak)
rCorr    .         Harm     .   (no gloves)
MR       .....     NoTele   +   (no boots)
Stlth    ++........             (no amulet)
HPRegen  0.08/turn              n - +6 ring of intelligence
MPRegen  0.15/turn              o - +6 ring of intelligence

@: no status effects
A: negative energy resistance 1, electricity resistance, unbreathing,
petrification resistance, rot immunity, AC +3
a: Renounce Religion


You were in the Dungeon.
You worshipped Vehumet.
Vehumet was noncommittal.
You were not hungry.

You visited 1 branch

Inventory:

Hand Weapons
 a - the +6 Majin-Bo (weapon) {vamp, Archmagi MP+6 Int+6}
   (You found it in the Dungeon)

   It inflicts no extra harm, but heals its wielder when it wounds a living foe.
   It affects your intelligence (+6).
   It affects your magic capacity (+6).
Missiles
 b - 25 stones (quivered)
Armour
 c - a +0 robe (worn)
Magical Staves
 m - an uncursed staff of energy {+MP, hungerless spells, !d!a@w1}
   (You found it in the Dungeon)
Jewellery
 n - a +6 ring of intelligence (left hand)
   (You found it in the Dungeon)
 o - a +6 ring of intelligence (right hand)
   (You found it in the Dungeon)
Wands
 l - a wand of iceblast (7)
   (You found it in the Dungeon)
 p - a wand of acid (7)
   (You found it in the Dungeon)
Scrolls
 j - a scroll of blinking {!r}
 q - 7 scrolls of fog
 r - a scroll of holy word {!r}
 s - 5 scrolls of identify
 t - 5 scrolls of remove curse
 u - 2 scrolls of fear
Potions
 e - a potion of curing
 f - a potion of heal wounds
 g - a potion of haste
 h - 2 potions of magic
 i - a potion of berserk rage {!q}
 v - 2 potions of invisibility
 w - 4 potions of resistance
 z - 5 potions of agility
 A - 5 potions of might
Books
 k - a book of Geomancy
Comestibles
 d - 6 rations


   Skills:
 + Level 5.6 Dodging
 - Level 2.1 Stealth
 + Level 4.0 Spellcasting
   Level 0.7 Transmutations
 + Level 8.6 Earth Magic


You had 10 spell levels left.
You knew the following spells:

 Your Spells              Type           Power        Failure   Level  Hunger
a - Sandblast             Erth           ######       1%          1    None


Dungeon Overview and Level Annotations

Branches:
Dungeon (1/1)

Altars:
Ashenzari
Cheibriados
Dithmenos
Elyvilon
Fedhas
Gozag
Hepliaklqana
Kikubaaqudgha
Makhleb
Nemelex Xobeh
Okawaru
Qazlal
Ru
Sif Muna
Trog
Uskayaw
Vehumet
Wu Jian
Xom
Yredelemnul
Zin
The Shining One
Beogh
Jiyva
Lugonu

Annotations:
D 1 transporter


Innate Abilities, Weirdness & Mutations

You are resistant to torment.
Your stone body is resilient. (AC +3)
You are immune to poison.
You resist negative energy. (rN+)
You are resistant to electric shocks. (rElec)
You can survive without breathing.
You are immune to petrification.
You are immune to rotting.


Message History

Things that are here:
a +3 large shield; a +3 shield
Okay, then.
Unknown command.
You see here a +3 buckler.
Unknown command.
Unknown command.
Unknown command.
Okay, then.
q - 7 scrolls of fog;
r - a scroll of holy word {!r};
s - 5 scrolls of identify
t - 5 scrolls of remove curse;
u - 2 scrolls of fear
Things that are here:
4 scrolls of amnesia; 3 scrolls of blinking {!r}
v - 2 potions of invisibility;
w - 4 potions of resistance
x - a potion of experience;
z - 5 potions of agility;
A - 5 potions of might
Items here: !!!!!! 2 potions of brilliance; 5 potions of haste; 5 potions of magic 2 potions of berserk rage {!q}; 9 potions of heal wounds; 9 potions of curing You feel more experienced!
Your Dodging skill gained 3 levels and is now at level 4!
Your Earth Magic skill gained 4 levels and is now at level 7!
You have reached level 2!
Unknown command.
Unknown command.
Okay, then.
There is a transporter here.
You start resting.
Magic restored.
You start resting.
Magic restored.
Welcome to arena 1.
You enter the transporter and appear at another place.
An ogre and a troll come into view.
The ogre shouts!
Casting: Sandblast
Confirm with . or Enter, or press ? or * to list all spells.
Aiming: Sandblast
Press: ? - help, Shift-Dir - straight line, f - ogre
Aim: an ogre, wielding a giant club You feel a surge of power!
The blast of sand hits the ogre.
The ogre is lightly wounded.
b - 29 stones
Casting: Sandblast
Confirm with . or Enter, or press ? or * to list all spells.
Aiming: Sandblast
Press: ? - help, Shift-Dir - straight line, f/p - ogre
Aim: an ogre, wielding a giant club (lightly wounded)
You feel a surge of power!
The blast of sand hits the ogre.
You kill the ogre!
Vehumet accepts your kill.
Your Dodging skill increases to level 5!
Your Spellcasting skill gained 2 levels and is now at level 4!
Your Earth Magic skill increases to level 8!
You have reached level 3!
Your experience leads to an increase in your attributes!
Your base attributes are Str 11, Int 15, Dex 10.
Increase (S)trength, (I)ntelligence, or (D)exterity?
You feel agile.
You have reached level 4!
You feel stronger.
b - 28 stones The troll bites you.
The troll barely misses you. x2
Unknown command.
Unknown command.
Casting: Sandblast
Confirm with . or Enter, or press ? or * to list all spells.
Aiming: Sandblast
Press: ? - help, Shift-Dir - straight line, f - troll
Aim: a troll You feel a surge of power!
The blast of sand hits the troll.
The troll is lightly wounded.
b - 27 stones The troll bites you but does no damage.
The troll claws you! The troll closely misses you.
Unknown command.
Unknown command.
Casting: Sandblast
Confirm with . or Enter, or press ? or * to list all spells.
Aiming: Sandblast
Press: ? - help, Shift-Dir - straight line, f/p - troll
Aim: a troll You feel a surge of power!
The blast of sand hits the troll.
The troll is heavily wounded.
b - 26 stones The troll barely misses you.
The troll claws you.
* * * LOW HITPOINT WARNING * * *
The troll barely misses you.
Unknown command.
Unknown command.
Casting: Sandblast
Confirm with . or Enter, or press ? or * to list all spells.
Aiming: Sandblast
Press: ? - help, Shift-Dir - straight line, f/p - troll
Aim: a troll (heavily wounded)
You feel a surge of power!
The blast of sand hits the troll.
The troll is severely wounded.
b - 25 stones
* * * LOW HITPOINT WARNING * * *
The troll bites you!
You die...

▓▓▓▓▓▓▓
▓.8©8.▓
▓.....▓
▓.).:.▓
▓.....▓
▓.)T..▓
▓..@..▓
▓▓▓▓▓▓▓


You could see a troll.

Vanquished Creatures
  An ogre (D)
1 creature vanquished.

Notes
Turn   | Place    | Note
-------+----------+-------------------------------------------
     0 | D        | Found the +6 Majin-Bo {vamp, Archmagi MP+6 Int+6}
     0 | D        | Found the +7 great mace "Firestarter" {inner flame, rF++}
     0 | D        | Mgcat the Gargoyle Earth Elementalist began the quest for the Orb.
     0 | D        | Reached XP level 1. HP: 10/10 MP: 3/3
     0 | D        | Found a bloodstained altar of Trog.
     0 | D        | Found a deep blue altar of Sif Muna.
     0 | D        | Found a sacrificial altar of Ru.
     0 | D        | Found a stormy altar of Qazlal.
     0 | D        | Found an iron altar of Okawaru.
     5 | D        | Became a worshipper of Vehumet
     9 | D        | Found a sparkling altar of Nemelex Xobeh.
    10 | D        | Found an ancient bone altar of Kikubaaqudgha.
    10 | D        | Found a corrupted altar of Lugonu.
    10 | D        | Found a transporter.
    10 | D        | Found a burning altar of Makhleb.
    10 | D        | Found a viscous altar of Jiyva.
    10 | D        | Found a hazy altar of Hepliaklqana.
    12 | D        | Found an opulent altar of Gozag.
    13 | D        | Found a blossoming altar of Fedhas.
    20 | D        | Found the +9 heavy crossbow "Sniper" {velocity, Acc+∞ SInv}
    20 | D        | Found the +10 dark maul {crush}
    20 | D        | Found the +15 Maxwell's patent armour {-Cast -Tele rElec MR+ rCorr}
    20 | D        | Found the cursed +14 obsidian axe {chop, +Fly SInv *Curse}
    20 | D        | Got the +1 shield of the Ward {Str+3}
    22 | D        | Found the +6 shillelagh "Devastator" {shatter}
    22 | D        | Found the +11 plutonium sword {*Contam Stlth-}
    22 | D        | Found the +8 lance "Wyrmbane" {slay drac, rPois rF+ rC+ AC+3}
    22 | D        | Found the +9 sword of Zonguldrok {reap}
    22 | D        | Found the cursed +13 scythe of Curses {drain, *Curse}
    22 | D        | Found the +0 sword of Power
    22 | D        | Found the +9 mace of Variability {chaos}
    22 | D        | Found the +7 Singing Sword
    22 | D        | Found the +7 longbow "Piercer" {penet, EV-2}
    90 | D        | Reached skill level 4 in Dodging
    90 | D        | Reached skill level 7 in Earth Magic
    90 | D        | Reached XP level 2. HP: 15/15 MP: 5/5
   128 | D        | Entered arena 2.
   128 | D        | Noticed a troll
   128 | D        | Noticed an ogre
   128 | D        | Found a transporter.
   130 | D        | Killed an ogre
   130 | D        | Reached skill level 5 in Dodging
   130 | D        | Reached skill level 4 in Spellcasting
   130 | D        | Reached skill level 8 in Earth Magic
   130 | D        | Reached XP level 3. HP: 18/19 MP: 8/8
   130 | D        | Reached XP level 4. HP: 23/24 MP: 10/10
   132 | D        | HP: 6/24 [troll (2)]
   133 | D        | Slain by a troll

Skill      XL: |  1  2 |
---------------+-------+-----
Dodging        | 4 5 |  5.6
Earth Magic    | 7 8 |  8.6
Spellcasting   | 4 |  4.0
Stealth        | |  2.1
Transmutations | |  0.7

Action                   |  1- 3 |  4- 6 || total
-------------------------+-------+-------++-------
 Cast: Sandblast         |     1 |     4 ||     5
  Use: Potion            |     1 |       ||     1
  Eat: Ration            |     1 |       ||     1
Armor: Robe              |       |     1 ||     1
Dodge: Dodged            |       |     5 ||     5

Vault maps used:
D:        sprint_v

Table legend:
 A = Turns spent in this place as a percentage of turns spent in the entire game.
 B = Non-inter-level travel turns spent in this place as a percentage of non-inter-level travel turns spent in the entire game.
 C = Inter-level travel turns spent in this place as a percentage of turns spent in this place.
 D = Turns resting spent in this place as a percentage of non-inter-level travel turns spent in this place.
 E = Turns spent auto-exploring this place as a percentage of non-inter-level travel turns spent in this place.
 F = Non-inter-level travel turns spent in this place divided by the number of levels of this place that you've seen.
                   A       B       C       D       E      F
               +-------+-------+-------+-------+-------+----------------------
         Total | 100.0 | 100.0 |   0.0 |  21.1 |   0.0 | 133.0
       Dungeon | 100.0 | 100.0 |   0.0 |  21.1 |   0.0 | 133.0
               +-------+-------+-------+-------+-------+----------------------

Table legend:
 A = Kills in this place as a percentage of kills in entire the game.
 B = Kills by you in this place as a percentage of kills by you in the entire game.
 C = Kills by friends in this place as a percentage of kills by friends in the entire game.
 D = Other kills in this place as a percentage of other kills in the entire game.
 E = Experience gained in this place as a percentage of experience gained in the entire game.
 F = Experience gained in this place divided by the number of levels of this place that you have seen.
                   A       B       C       D       E      F
               +-------+-------+-------+-------+-------+----------------------
         Total | 100.0 | 100.0 |   N/A |   N/A | 100.0 | 116.0
       Dungeon | 100.0 | 100.0 |   N/A |   N/A | 100.0 | 116.0
               +-------+-------+-------+-------+-------+----------------------
